 Dungeon Crawl Stone Soup version 0.28-a0-1227-ga9037bb4c8 (webtiles) character file.

Game seed: 9607726610167985869

946 jbasstz the Ruffian (level 7, 0/67 HPs)
             Began as a Troll Berserker on Dec 22, 2021.
             Was an Elder of Trog.
             Succumbed to a scorpion's poison
             ... on level 5 of the Dungeon.
             The game lasted 00:11:15 (3440 turns).

jbasstz the Ruffian (Troll Berserker)               Turns: 3440, Time: 00:11:16

Health: 0/67       AC:  4    Str: 28    XL:     7   Next: 89%
Magic:  6/6        EV: 10    Int:  3    God:    Trog [****..]
Gold:   171        SH:  0    Dex:  9    Spells: 6/6 levels left

rFire   + . .      SeeInvis .     - Unarmed
rCold   . . .      Faith    .   (no shield)
rNeg    . . .      Spirit   .   a - +0 animal skin
rPois   .          Reflect  .   (helmet restricted)
rElec   .          Harm     .   (no cloak)
rCorr   .          Rampage  .   (gloves unavailable)
Will    .....                   (boots unavailable)
Stlth   +.........              (no amulet)
HPRegen 1.01/turn               c - ring of protection from fire
MPRegen 0.10/turn               (no ring)

@: lethally poisoned (0 -> -8)
A: large, unfitting armour, claws 3, regeneration 1, shaggy fur 1, tough skin 1
a: Renounce Religion, Berserk, Trog's Hand, Brothers in Arms


You were on level 5 of the Dungeon.
You worshipped Trog.
Trog was greatly pleased with you.
You visited 1 branch of the dungeon, and saw 5 of its levels.

You collected 171 gold pieces.

Inventory:

Armour
 a - a +0 animal skin (worn)
Jewellery
 c - a ring of protection from fire (left claw)
Wands
 m - a wand of iceblast (9)
Scrolls
 d - a scroll of identify {unknown}
 e - a scroll of blinking
 f - a scroll of enchant armour {unknown}
 k - a scroll of fear {unknown}
 l - a scroll of teleportation {unknown}
 o - a scroll of acquirement {unknown}
 p - a scroll of fog {unknown}
Potions
 b - 3 potions of might {unknown}
 g - a potion of mutation {unknown}
 h - a potion of degeneration {unknown}
 i - a potion of ambrosia {unknown}
 j - 2 potions of curing {unknown}
 n - 2 potions of haste {unknown}
 q - a potion of magic {unknown}
 r - a potion of attraction {unknown}


   Skills:
 + Level 3.3 Fighting
 + Level 4.3 Dodging
 + Level 1.1 Stealth
 + Level 7.6 Unarmed Combat


You had 6 spell levels left.
You didn't know any spells.
Your spell library contained the following spells:

 Spells                   Type           Power      Damage    Failure   Level
 Frozen Ramparts          Ice            0%         1d2       88%         3
 Ice Form                 Ice/Tmut       0%         N/A       99%         4
 Summon Ice Beast         Ice/Summ       0%         N/A       99%         4


Dungeon Overview and Level Annotations

Branches:
Dungeon (5/15)             Temple (0/1) D:4

Altars:
Xom

Annotations:
D:5 1 transporter, opoi33's ghost, novice GrBe


Innate Abilities, Weirdness & Mutations

You are too large for most types of armour.
You have claws for hands.
Your natural rate of healing is unusually fast.
You are covered in fur. (AC +1)
You have tough skin. (AC +1)


Message History

Press: ? - help, . - travel You can't see that place. [a rock wall.]
There is a transporter here.
You enter the transporter and appear at another place.
The gnoll sergeant barely misses you.
You scratch the scorpion.
The scorpion is moderately wounded.
The scorpion closely misses you.
The gnoll sergeant hits you from afar with a +0 trident!
You scratch the scorpion.
The scorpion is heavily wounded.
The scorpion stings you.
You are poisoned.
The scorpion poisons you!
The gnoll sergeant hits you from afar with a +0 trident.
You scratch the scorpion but do no damage.
The scorpion is heavily wounded.
You feel sick. The scorpion stings you!
You are more poisoned.
The scorpion poisons you!
Opoi33's ghost screams, "They lied to you.
The Dungeon just goes down and down forever."
The gnoll sergeant hits you from afar with a +0 trident!
You closely miss the scorpion.
The scorpion is heavily wounded.
You feel very sick. The scorpion stings you.
The gnoll sergeant hits you from afar with a +0 trident.
You scratch the scorpion but do no damage.
The scorpion is heavily wounded.
You feel sick. The scorpion closely misses you.
The gnoll sergeant hits you from afar with a +0 trident!
* * * LOW HITPOINT WARNING * * *
The scorpion stings you.
* * * LOW HITPOINT WARNING * * *
You are lethally poisoned!
The scorpion poisons you!
* * * LOW HITPOINT WARNING * * *
You feel very sick.
You die...

....#.......©.......##+##..#.....
.#'##...#########...#..##..#.....
.#.....##8.....8##.........#.....
.#.....#.........#.........#.....
.####..#.##..Z##.#.........#..)..
.# #..#.##.l.##.#.........#.....
.# #..#....©.gs.#.........#.....
.# #..#.##...##.#..#####..#.....
.####..#.##...##@#.....##..'.....
.......#........©#.........#.....
.......##8.$?$.8##.........#.....
........#########......##..#.....
............©.......#+###..#.....
...>...................###+#.....
.........#........#....#.........
#####....#..#.....####+#.........
....#....#..#....................


You could see a scorpion.

Vanquished Creatures
  Grinder (D:5)
  Duvessa (D:5)
  A centaur (D:5)
  A water moccasin zombie (D:5)
  Dowan (D:5)
  A water moccasin skeleton (D:5)
  An orc priest (D:3)
  2 hounds (D:5)
  A jelly (D:4)
  A centaur skeleton (D:5)
  An iguana (D:4)
  Natasha (thrice) (D:2)
  2 orc wizards (D:3)
  A hound skeleton (D:4)
  3 adders
  2 ufetubi
  3 worms
  2 orcs (D:3)
  8 ball pythons
  3 bats
  12 endoplasms
  4 giant cockroaches
  8 goblins
  9 hobgoblins
  6 jackals (D:1)
  2 quokkas
  4 frilled lizards
  9 kobolds
  5 rats
98 creatures vanquished.

Notes
Turn   | Place    | Note
-------+----------+-------------------------------------------
     0 | D:1      | jbasstz the Troll Berserker began the quest for the Orb.
     0 | D:1      | Reached XP level 1. HP: 22/22 MP: 0/0
    69 | D:1      | Reached XP level 2. HP: 29/29 MP: 1/1
   276 | D:1      | Reached ** piety under Trog
   311 | D:1      | Reached XP level 3. HP: 36/36 MP: 2/2
   528 | D:2      | Noticed Natasha
   534 | D:2      | Killed Natasha
   535 | D:2      | Reached skill level 4 in Unarmed Combat
   576 | D:2      | Found a faded altar of an unknown god.
   685 | D:2      | Reached XP level 4. HP: 44/44 MP: 3/3
   926 | D:2      | Noticed Natasha
   929 | D:2      | Killed Natasha
   934 | D:2      | Noticed Natasha
   939 | D:2      | Killed Natasha
   950 | D:2      | Reached XP level 5. HP: 50/50 MP: 4/4
  1279 | D:3      | Reached skill level 5 in Unarmed Combat
  1330 | D:3      | Reached *** piety under Trog
  2187 | D:4      | Found a staircase to the Ecumenical Temple.
  2211 | D:4      | Found a shimmering altar of Xom.
  2219 | D:4      | Reached XP level 6. HP: 43/59 MP: 5/5
  2615 | D:5      | Entered Level 5 of the Dungeon
  2662 | D:5      | Reached skill level 6 in Unarmed Combat
  2665 | D:5      | Reached **** piety under Trog
  2666 | D:5      | Reached skill level 1 in Stealth
  2666 | D:5      | Reached XP level 7. HP: 45/67 MP: 6/6
  2701 | D:5      | Found a transporter.
  2726 | D:5      | Found a transporter.
  2841 | D:5      | Noticed Grinder
  2848 | D:5      | Paralysed by Grinder for 4 turns
  2857 | D:5      | Killed Grinder
  2858 | D:5      | Reached skill level 7 in Unarmed Combat
  2980 | D:5      | Noticed Duvessa
  2984 | D:5      | Noticed Dowan
  2989 | D:5      | Killed Duvessa
  3009 | D:5      | Killed Dowan
  3266 | D:5      | Noticed opoi33's ghost (novice GrBe)
  3439 | D:5      | HP: 3/67 [poisoned by a scorpion]
  3440 | D:5      | Succumbed to a scorpion's poison

Illustrated notes

Levels and vault maps discovered:
D:1:      amcnicky_arrival_flooded_fountain, layout_rooms, nrook_uturn
D:2:      layout_basic, chequers_ecumenical_altar_lobes, uniq_natasha
D:3:      layout_loops_ring
D:4:      layout_rooms, mainiacjoe_overflow_concentric_impassable,
          temple_statues
D:5:      layout_gridville, gammafunk_ghost_arena, minmay_misc_feat_enclosed,
          lemuel_old_faithful, uniq_duvessa, uniq_grinder

Skill      XL: |  1  2  3  4  5  6  7 |
---------------+----------------------+-----
Unarmed Combat | 4 5 6 7 |  7.6
Dodging        | 3 4 |  4.3
Fighting       | 3 |  3.3
Stealth        | 1 |  1.1

Action                   |  1- 3 |  4- 6 |  7- 9 || total
-------------------------+-------+-------+-------++-------
Melee: Unarmed           |    89 |   128 |    26 ||   243
       Punch             |     3 |     4 |       ||     7
  Use: Scroll            |       |     1 |       ||     1
 Stab: Sleeping          |     2 |       |       ||     2
Armor: Animal skin       |    35 |    41 |     4 ||    80
Dodge: Dodged            |    64 |    72 |    11 ||   147

Table legend: (Time is in decaauts)
 A = Elapsed time spent in this place.
 B = Non-inter-level travel time spent in this place.
 C = Inter-level travel time spent in this place.
 D = Time resting spent in this place.
 E = Time spent auto-exploring this place.
 F = Levels seen in this place.
 G = Mean time per level.
                   A        B        C        D        E       F      G
               +--------+--------+--------+--------+--------+-----+--------+
         Total |   3416 |   3416 |      0 |    175 |   2269 |   5 |  683.2 |
       Dungeon |   3416 |   3416 |      0 |    175 |   2269 |   5 |  683.2 |
               +--------+--------+--------+--------+--------+-----+--------+

Top non-repeatable levels by time:
     D:3: 898 daAuts
     D:5: 819 daAuts
     D:2: 760 daAuts
     D:1: 474 daAuts
     D:4: 464 daAuts
